 Dungeon Crawl Stone Soup version 0.28.0-62-gf88900778d (webtiles) character file.

Game seed: 11833127119617137122

13320 cbfl8 the Cleaver (level 11, -2/89 HPs)
             Began as a Demonspawn Berserker on Sept 10, 2023.
             Was an Elder of Trog.
             Killed from afar by an acid dragon (18 damage)
             ... with a splash of acid
             ... on level 12 of the Dungeon.
             The game lasted 00:11:55 (15717 turns).

cbfl8 the Cleaver (Demonspawn Berserker)           Turns: 15717, Time: 00:11:56

Health: -2/89      AC: 15    Str: 18    XL:     11   Next: 74%
Magic:  11/11      EV:  6    Int:  8    God:    Trog [****..]
Gold:   390        SH:  5    Dex: 17    Spells: 10/10 levels left

rFire   + + .      SeeInvis .   f - +0 war axe
rCold   x x .      Faith    .   C - +0 buckler
rNeg    . . .      Spirit   .   i - +0 plate armour
rPois   .          Reflect  .   j - +0 helmet
rElec   .          Harm     .   k - +0 cloak
rCorr   .          Rampage  .   g - +0 pair of gloves
Will    .....                   (no boots)
Stlth   ..........              (no amulet)
HPRegen 0.24/turn               r - ring of fire
MPRegen 0.12/turn               m - ring of fire

@: corroded, studying Fighting
A: hooves 1, thin metallic scales 1, powered by pain 2, spiny 2
a: Renounce Religion, Berserk, Trog's Hand, Brothers in Arms


You were on level 12 of the Dungeon.
You worshipped Trog.
Trog was greatly pleased with you.
You visited 1 branch of the dungeon, and saw 12 of its levels.
You also visited: Bailey.

You collected 675 gold pieces.
You spent 285 gold pieces at shops.

Inventory:

Hand Weapons
 f - a +0 war axe (weapon)
 u - a +0 broad axe
Armour
 g - a +0 pair of gloves (worn)
 i - a +0 plate armour (worn)
 j - a +0 helmet (worn)
 k - a +0 cloak (worn)
 C - a +0 buckler (worn)
Jewellery
 m - a ring of fire (right hand)
 r - a ring of fire (left hand)
Wands
 e - a wand of acid (5)
 n - a wand of paralysis (7) (quivered)
 o - a wand of flame (30)
Scrolls
 c - 4 scrolls of magic mapping
 d - a scroll of fog
 q - a scroll of blinking
 v - a scroll of enchant weapon
 w - 3 scrolls of summoning
 y - 4 scrolls of teleportation
 A - a scroll of silence
Potions
 a - 3 potions of cancellation
 b - a potion of heal wounds {unknown}
 h - 3 potions of lignification
 l - 2 potions of attraction {unknown}
 p - 2 potions of flight {unknown}
 t - 3 potions of haste
 x - a potion of mutation {unknown}
 z - a potion of ambrosia
 B - a potion of invisibility {unknown}
 E - a potion of curing


   Skills:
 + Level 9.3 Fighting
 + Level 11.5 Axes
 + Level 8.3 Armour
 - Level 1.7 Dodging
 * Level 2.7 Shields
 * Level 8.4 Evocations


You had 10 spell levels left.
You didn't know any spells.
Your spell library was empty.

Dungeon Overview and Level Annotations

Branches:
Dungeon (12/15)            Temple (0/1) D:5            Lair (0/6) D:10
    Orc (0/2) D:11         Bailey (visited)

Altars:
Cheibriados
Fedhas
Hepliaklqana
Nemelex Xobeh
Lugonu

Shops:
D:10 *   D:11 [

Portals:
Abyss: D:6

Annotations:
D:8 1 runed translucent door, bronco's ghost, journeyman DDEE


Innate Abilities, Weirdness & Mutations

You have large cloven feet.
You are partially covered in thin metallic scales. (AC +2)
You sometimes gain power by taking damage.
You are mostly covered in sharp spines.


Message History

Things that are here:
a +0 troll leather armour; a troll corpse You start resting.
An acid dragon comes into view.
An acid dragon is nearby!
An acid dragon is nearby!
The acid dragon spits acid at you. The splash of acid hits you!!
The acid corrodes you!
The sentinel's mark upon you fades away.
The acid dragon is struck by your spines.
The acid dragon bites you but does no damage.
The acid dragon claws you but does no damage.
You hit the acid dragon but do no damage.
You kick the acid dragon, but do no damage.
The acid dragon is lightly wounded.
The acid dragon is struck by your spines.
The acid dragon bites you but does no damage.
The acid dragon claws you but does no damage.
You closely miss the acid dragon.
You kick the acid dragon, but do no damage.
The acid dragon is heavily wounded.
The acid dragon bites you but does no damage.
The acid dragon claws you.
You barely miss the acid dragon.
The acid dragon is heavily wounded.
The acid dragon bites you!
* * * LOW HITPOINT WARNING * * *
The acid dragon claws you but does no damage.
You barely miss the acid dragon.
The acid dragon is heavily wounded.
The acid dragon is struck by your spines.
The acid dragon bites you.
* * * LOW HITPOINT WARNING * * *
The acid dragon claws you but does no damage.
You hit the acid dragon but do no damage.
You kick the acid dragon.
The acid dragon is almost dead.
The acid dragon spits acid at you. The splash of acid hits you!!
You die...

####.'...#
#.....
#.#...#
+.....
#.#...#
#.....
#.#...#
######
#.#####...
.....
#.[.......
.....
#..#####..
..... #.D#
.#### #.@#
##..#
#...#
#...#
#...#
#...#
#....
#.....
#......


You could see an acid dragon (catching breath).

Vanquished Creatures
  Harold (D:8)
  2 two-headed ogres
  Pikel (D:7)
  An ugly thing (D:12)
  A cyclops (D:11)
  An orc sorcerer (Bailey)
  5 centaur zombies
  An unseen horror (D:12)
  2 kobold demonologists
  2 trolls (D:12)
  3 meliai (D:12)
  Grinder (D:3)
  A hornet (D:9)
  2 vampires (D:12)
  3 wraiths
  8 yaks
  4 shadows
  2 water elementals (D:12)
  A steam dragon (D:7)
  Menkaure (D:6)
  An acid dragon (D:10)
  10 orc warriors
  A sky beast (D:8)
  An ice beast (D:8)
  A black bear (D:6)
  3 centaurs
  An ogre (D:5)
  A phantom (D:5)
  5 kobold brigands
  A wyvern zombie (D:7)
  2 scorpions
  2 bullfrogs (D:9)
  A howler monkey (D:6)
  5 wights (D:7)
  4 electric eels (Bailey)
  A bullfrog zombie (D:5)
  2 jellies
  A gnoll shaman (D:9)
  Crazy Yiuf (D:5)
  3 centaur skeletons
  An orc priest (D:7)
  2 iguanas
  Jessica (D:3)
  Natasha (thrice) (D:3)
  4 orc wizards
  Robin (D:2)
  13 gnolls
  8 adders
  A shadow imp (D:6)
  A white imp (D:6)
  2 adder skeletons (D:4)
  3 worms
  17 orcs
  5 ball pythons
  4 bats
  6 endoplasms
  12 giant cockroaches
  13 hobgoblins
  9 jackals
  9 quokkas
  4 frilled lizards
  18 goblins
  31 kobolds
  A lurking horror (D:6)
259 creatures vanquished.

Vanquished Creatures (others)
  A lurking horror (D:6)
  A plant (D:2)
2 creatures vanquished.

Grand Total: 261 creatures vanquished

Notes
Turn   | Place    | Note
-------+----------+-------------------------------------------
     0 | D:1      | cbfl8 the Demonspawn Berserker began the quest for the Orb.
     0 | D:1      | Reached XP level 1. HP: 18/18 MP: 1/1
   649 | D:1      | Gained mutation: You sometimes gain a little power by
                  | taking damage. [demonic ancestry]
   649 | D:1      | Reached XP level 2. HP: 17/24 MP: 2/2
  1008 | D:1      | Reached skill level 3 in Axes
  1259 | D:2      | Noticed Robin
  1274 | D:2      | Killed Robin
  1275 | D:2      | Reached skill level 1 in Evocations
  1275 | D:2      | Gained mutation: You are partially covered in sharp spines.
                  | [demonic ancestry]
  1275 | D:2      | Reached XP level 3. HP: 18/29 MP: 3/3
  1462 | D:2      | Found a snail-covered altar of Cheibriados.
  1648 | D:2      | Reached ** piety under Trog
  1768 | D:2      | Reached XP level 4. HP: 31/35 MP: 4/4
  1995 | D:2      | Found a faded altar of an unknown god.
  2339 | D:3      | Noticed Natasha
  2345 | D:3      | Killed Natasha
  2531 | D:3      | Noticed Natasha
  2540 | D:3      | Killed Natasha
  2541 | D:3      | Reached skill level 4 in Axes
  2541 | D:3      | Reached XP level 5. HP: 30/42 MP: 5/5
  2753 | D:3      | Noticed Grinder
  2757 | D:3      | Paralysed by Grinder for 2 turns
  2764 | D:3      | Killed Grinder
  2765 | D:3      | Gained mutation: You are mostly covered in sharp spines.
                  | [demonic ancestry]
  2765 | D:3      | Reached XP level 6. HP: 33/48 MP: 6/6
  3094 | D:3      | Noticed Jessica
  3097 | D:3      | Killed Jessica
  3098 | D:3      | Reached skill level 5 in Axes
  3255 | D:3      | Noticed Natasha
  3262 | D:3      | Killed Natasha
  3262 | D:3      | Reached *** piety under Trog
  3435 | D:3      | Found a sparkling altar of Nemelex Xobeh.
  3716 | D:4      | Reached XP level 7. HP: 55/55 MP: 7/7
  4536 | D:5      | Entered Level 5 of the Dungeon
  4707 | D:5      | Found a staircase to the Ecumenical Temple.
  4809 | D:5      | Found a runed translucent door.
  4810 | D:5      | Noticed Crazy Yiuf
  4874 | D:5      | Reached skill level 6 in Axes
  4874 | D:5      | Gained mutation: You are partially covered in thin metallic
                  | scales. (AC +2) [demonic ancestry]
  4874 | D:5      | Reached XP level 8. HP: 54/61 MP: 8/8
  5279 | D:5      | Found a hazy altar of Hepliaklqana.
  5424 | D:5      | Killed Crazy Yiuf
  5590 | D:6      | Reached **** piety under Trog
  5591 | D:6      | Reached skill level 5 in Fighting
  5675 | D:6      | Found a one-way gate to the infinite horrors of the Abyss.
  5899 | D:6      | Found a corrupted altar of Lugonu.
  6191 | D:6      | Reached skill level 7 in Axes
  6229 | D:6      | Noticed Menkaure
  6234 | D:6      | Killed Menkaure
  6778 | D:6      | Reached skill level 5 in Evocations
  6881 | D:7      | Reached skill level 5 in Armour
  6881 | D:7      | Gained mutation: You sometimes gain power by taking damage.
                  | [demonic ancestry]
  6881 | D:7      | Reached XP level 9. HP: 64/68 MP: 9/9
  6974 | D:7      | Reached skill level 8 in Axes
  7310 | D:7      | Noticed Pikel
  7318 | D:7      | Killed Pikel
  8163 | D:8      | Found a runed translucent door.
  8164 | D:8      | Noticed bronco's ghost (journeyman DDEE)
  8248 | D:8      | Noticed Harold
  8268 | D:8      | Killed Harold
  8269 | D:8      | Reached skill level 9 in Axes
  8503 | D:8      | Gained mutation: You have large cloven feet. [demonic
                  | ancestry]
  8503 | D:8      | Reached XP level 10. HP: 19/77 MP: 10/10
  9194 | D:9      | Found a flagged portal.
  9213 | Bailey   | Entered a bailey
  9825 | Bailey   | Noticed a soul eater
 10035 | Bailey   | Acquired a manual of Fighting
 10498 | Bailey   | Found an iron altar of Okawaru.
 10498 | Bailey   | Noticed an orc sorcerer
 10508 | Bailey   | Killed an orc sorcerer
 10509 | Bailey   | Reached skill level 10 in Axes
 11331 | D:9      | Paralysed by a hornet for 3 turns
 11335 | D:9      | Reached ***** piety under Trog
 12005 | D:10     | Entered Level 10 of the Dungeon
 12105 | D:10     | Found a staircase to the Lair.
 12537 | D:10     | Found Elutia Fesis's General Store.
 12542 | D:10     | Bought a potion of ambrosia for 104 gold pieces
 12542 | D:10     | Bought a scroll of summoning for 123 gold pieces
 12598 | D:10     | Reached XP level 11. HP: 59/86 MP: 11/11
 12908 | D:10     | Bought a +0 buckler for 58 gold pieces
 13253 | D:11     | Noticed a two-headed ogre
 13264 | D:11     | Killed a two-headed ogre
 13630 | D:11     | Reached skill level 1 in Shields
 13631 | D:11     | Found a staircase to the Orcish Mines.
 13645 | D:11     | Reached skill level 11 in Axes
 14054 | D:11     | Found Roreif's Armour Emporium.
 14554 | D:12     | Noticed a purple ugly thing
 14567 | D:12     | Killed a purple ugly thing
 14845 | D:12     | Found a blossoming altar of Fedhas.
 14859 | D:12     | Noticed a two-headed ogre
 14868 | D:12     | HP: 3/130 [two-headed ogre/+0 giant club (20)]
 14869 | D:12     | Killed a two-headed ogre
 15717 | D:12     | Killed from afar by an acid dragon

Illustrated notes

Levels and vault maps discovered:
D:1:      heliophobic_arrival_ceremonial_halls, layout_loops_cross,
          nrook_loot_triangle
D:2:      minmay_roachtagon, layout_basic, basic_altar,
          ebering_ecumenical_altar_petrified, guppyfry_early_lair_pool,
          uniq_robin
D:3:      kennysheep_six_static_rooms, layout_basic, lemuel_crystal_altar,
          serial_bayou_pond_e, uniq_natasha, uniq_jessica, uniq_grinder
D:4:      layout_basic, minmay_bisected
D:5:      layout_gridville, nzn_hepliaklqana_mist_gate, temple_statues,
          uniq_crazy_yiuf_cottage
D:6:      layout_gridville, nicolae_concentric_dashed_squares_wild,
          amcnicky_altar_lugonu_corruption, uniq_menkaure
D:7:      layout_basic, uniq_pikel
D:8:      layout_basic, ebering_ghost_inner_flame,
          nicolae_elevator_lobby_asterisk, uniq_harold
D:9:      layout_grid_maze, enter_bailey_3
D:10:     layout_roguey, lair_entry_dummy, serial_shops,
          nicolae_shop_hallway_stairs, kennysheep_generic_room_5
D:11:     layout_basic, orc_david_3
D:12:     layout_irregular_city, kennysheep_cluttered_room, fedhas_altar_1

Skill      XL: |  1  2  3  4  5  6  7  8  9 10 11 |
---------------+----------------------------------+-----
Axes           | 3 4 5 6 7 9 10 11 | 11.5
Armour         | 2 3 4 5 6 7 8 |  8.3
Evocations     | 1 2 3 4 5 6 7 8 |  8.4
Fighting       | 4 5 6 8 9 |  9.3
Shields        | 2 |  2.7
Dodging        | |  1.7

Action                   |  1- 3 |  4- 6 |  7- 9 | 10-12 || total
-------------------------+-------+-------+-------+-------++-------
Melee: Hand axe          |    50 |       |       |       ||    50
       Punch             |     3 |     2 |     4 |     1 ||    10
       War axe           |    46 |    82 |   185 |   325 ||   638
       Kick              |       |       |       |   120 ||   120
Invok: Berserk           |     1 |     1 |     3 |     6 ||    11
       Trog's Hand       |       |       |     1 |     1 ||     2
Evoke: Wand              |       |       |       |     2 ||     2
  Use: Scroll            |       |       |     7 |     7 ||    14
       Potion            |       |       |       |     8 ||     8
 Stab: Distracted        |       |       |       |     1 ||     1
       Paralysed         |       |       |       |     3 ||     3
Armor: Animal skin       |     3 |       |       |       ||     3
       Plate armour      |    34 |    45 |   142 |   224 ||   445
       Ring mail         |     4 |       |       |       ||     4
       Skin              |       |       |       |     1 ||     1
Dodge: Dodged            |    53 |    10 |    43 |    73 ||   179
Block: Buckler           |       |       |       |    24 ||    24
